 Dungeon Crawl Stone Soup version 0.29.0-4-gdea44cf6ec (webtiles) character file.

Game seed: 4732892940371697721

14622 qw the Severer (level 11, -5/101 HPs)
             Began as a Minotaur Berserker on Sept 6, 2022.
             Was a Priest of Trog.
             Slain by a catoblepas (17 damage)
             ... on level 2 of the Lair of Beasts.
             The game lasted 00:04:44 (12543 turns).

qw the Severer (Minotaur Berserker)                Turns: 12543, Time: 00:04:45

Health: -5/101     AC: 19    Str: 27    XL:     11   Next: 91%
Magic:  11/11      EV: 10    Int:  4    God:    Trog [***...]
Gold:   1047       SH:  0    Dex: 15    Spells: 10/10 levels left

rFire   . . .      SeeInvis .   Y - +3 broad axe (protect)
rCold   . . .      Faith    .   (no shield)
rNeg    . . .      Spirit   .   o - +2 plate armour {Will+}
rPois   .          Reflect  .   f - +2 hat
rElec   .          Harm     .   h - scarf {repulsion}
rCorr   +          Rampage  .   (no gloves)
Will    ++...                   c - +0 pair of boots
Stlth   ..........              (no amulet)
HPRegen 0.26/turn               g - ring of resist corrosion
MPRegen 0.12/turn               n - +6 ring of dexterity

@: on berserk cooldown, slowed, repel missiles, very slow
A: horns 2, retaliatory headbutt, hooves 1, high MP 1, strong-willed 1
a: Renounce Religion, Berserk, Trog's Hand


You were on level 2 of the Lair of Beasts.
You worshipped Trog.
Trog was most pleased with you.
You visited 2 branches of the dungeon, and saw 12 of its levels.
You also visited: Ossuary.

You collected 1092 gold pieces.
You spent 45 gold pieces at shops.


Innate Abilities, Weirdness & Mutations

You have a pair of horns on your head.
You reflexively headbutt those who attack you in melee.
You have large cloven feet.
You have an increased reservoir of magic. (+10% MP)
You are strong-willed. (Will+)


   Skills:
 + Level 10.7 Fighting
 - Level 18.0 Axes
 - Level 2.0 Throwing
 - Level 9.0 Armour
 - Level 5.4 Dodging


You had 10 spell levels left.
You didn't know any spells.
Your spell library was empty.

Inventory:

Hand Weapons
 q - a +2 morningstar
 Y - a +3 broad axe of protection (weapon)
Armour
 c - a +0 pair of boots (worn)
 d - a +0 cloak
 f - a +2 hat (worn)
 h - a scarf of repulsion (worn)
 o - a +2 plate armour of willpower (worn)
 p - +0 pearl dragon scales
Jewellery
 g - a ring of resist corrosion (left hand)
 m - a ring of ice
 n - a +6 ring of dexterity (right hand)
Scrolls
 e - 3 scrolls of identify
Potions
 a - 3 potions of cancellation
 i - 7 potions of haste
 j - 3 potions of might
 k - 5 potions of curing
 l - 5 potions of mutation
 r - a potion of resistance

Dungeon Overview and Level Annotations

Branches:
Dungeon (10/15)            Temple (0/1) D:6            Lair (2/5) D:10
 Shoals (0/4) Lair:2          Orc (0/2) D:9         Ossuary (visited)
  Snake: Lair:2-3    Spider: Lair:2-3

Altars:
Fedhas
Gozag
Kikubaaqudgha
Okawaru
Ru
Vehumet
Wu Jian
Yredelemnul
Zin

Shops:
D:5 (

Annotations:
D:5 3 runed translucent doors, qw's ghost, novice GrBe
D:8 4 transporters


Message History

The death yak gores you but does no damage.
The catoblepas breathes a plume of calcifying dust at you.
The blast of calcifying dust hits you.
The catoblepas gores you but does no damage.
The death yak barely misses you.
12536 ||| Stepping ~*~*~tactically~*~*~ (cloud).
The death yak gores you but does no damage.
The catoblepas gores you.
You slash the death yak!
Your weapon exudes an aura of protection.
The death yak is severely wounded.
You hit the catoblepas. The death yak gores you!
The catoblepas gores you but does no damage.
You slash the death yak! You headbutt the death yak.
The death yak is almost dead.
You slash the catoblepas! The catoblepas gores you. The death yak gores you.
The death yak gores you but does no damage.
The catoblepas gores you but does no damage.
You slash the death yak!
You kill the death yak!
Trog accepts your kill.
You slash the catoblepas!
The catoblepas breathes a plume of calcifying dust at you.
The blast of calcifying dust hits you but does no damage.
12540 ||| Stepping ~*~*~tactically~*~*~ (cloud).
The catoblepas misses you. You furiously retaliate!
You headbutt the catoblepas. You barely miss the catoblepas.
You headbutt the catoblepas!
The catoblepas is heavily wounded.
The catoblepas breathes a plume of calcifying dust at you.
The blast of calcifying dust hits you but does no damage.
12542 ||| Stepping ~*~*~tactically~*~*~ (cloud).
The catoblepas breathes a plume of calcifying dust at you.
The blast of calcifying dust hits you! The catoblepas barely misses you.
You furiously retaliate!
You headbutt the catoblepas.
You see here a blink frog corpse.
12543 ||| Stepping ~*~*~tactically~*~*~ (cloud).
The catoblepas gores you!
You die...

#...........####
#...#..####.#
##...#### ###
##.....## # ##....##.#
#.##....####.......
#.#....## .......
###.¤..## .......
#P...¤@.## .......
###¤¤¤¤¤Y..## .......
#.......¤...# ¤F.....
.......%%......#....##
...............#
...............#
...............#
........¤.....##
........¤......#


You could see a catoblepas.

Vanquished Creatures
  A hydra (Lair:1)
  2 death yaks (Lair:2)
  An elephant (D:10)
  Maurice (D:9)
  Maggie (D:8)
  2 cane toads (Lair:1)
  3 rime drakes (Lair:1)
  A kobold demonologist (D:10)
  2 komodo dragons (Lair:1)
  A troll (D:8)
  3 blink frogs (Lair:2)
  2 basilisks
  12 yaks
  3 wyverns
  3 water moccasins (Lair:1)
  An orc warrior (D:10)
  2 ice beasts
  3 sky beasts
  2 black bears
  2 ogres
  3 centaurs
  4 wolves (Lair:2)
  4 phantoms
  5 kobold brigands
  5 bullfrogs
  A gnoll sergeant (D:9)
  2 scorpions
  10 wights
  12 killer bees
  2 howler monkeys
  3 jellies
  2 gnoll boudas
  4 orc priests
  4 iguanas
  3 orc wizards
  Natasha (thrice) (D:3)
  8 mummies (Ossuary)
  2 howler monkey zombies (D:6)
  30 gnolls
  5 adders
  An ufetubus (D:4)
  2 worms
  2 dart slugs
  40 orcs
  10 endoplasms
  A gnoll zombie (Ossuary)
  3 goblins
  11 hobgoblins
  6 jackals
  59 kobolds
  4 quokkas
  2 ball pythons
  4 bats
  A frilled lizard (D:1)
  3 hobgoblin zombies (Ossuary)
  A kobold zombie (Ossuary)
  3 orc zombies (Ossuary)
  7 rats
320 creatures vanquished.

Vanquished Creatures (collateral kills)
  A two-headed ogre (D:10)
  A kobold demonologist (D:10)
  A troll (D:10)
  2 acid dragons (D:10)
  A kobold brigand (D:10)
  A gnoll sergeant (D:10)
  4 kobolds (D:10)
11 creatures vanquished.

Vanquished Creatures (others)
  5 fungi
  7 plants
12 creatures vanquished.

Grand Total: 343 creatures vanquished

Notes
Turn   | Place    | Note
-------+----------+-------------------------------------------
     0 | D:1      | qw the Minotaur Berserker began the quest for the Orb.
     0 | D:1      | Reached XP level 1. HP: 19/19 MP: 0/0
     0 | D:1      | 0 ||| qw: Version: 0.1-a-108-g9e35731
     0 | D:1      | 0 ||| qw: Game counter: 6327
     0 | D:1      | 0 ||| qw: Always use a shield: true
     0 | D:1      | 0 ||| qw: Do Orc after D:15 true
     0 | D:1      | 0 ||| qw: Do second Lair branch before Depths: true
     0 | D:1      | 0 ||| qw: Lair rune preference: random
     0 | D:1      | 0 ||| qw: Plans: Normal
     0 | D:1      | 0 ||| PLANNING D:1-11
    12 | D:1      | 12 ||| Stepping ~*~*~tactically~*~*~ (stealth).
   100 | D:1      | 100 ||| Stepping ~*~*~tactically~*~*~ (stealth).
   103 | D:1      | Reached skill level 4 in Axes
   231 | D:1      | Reached XP level 2. HP: 26/26 MP: 1/1
   766 | D:1      | 766 ||| UPGRADING to +0 cloak.
   771 | D:1      | 771 ||| UPGRADING to +0 chain mail.
   781 | D:1      | 781 ||| DROPPING +0 animal skin.
   782 | D:1      | 782 ||| READING scroll labelled PUPPINABRU.
   783 | D:1      | 783 ||| READING scroll labelled QUULITTYPS.
   784 | D:1      | 784 ||| READING scroll labelled EMOULI VYNWERIH.
   785 | D:1      | 785 ||| READING scroll labelled BOT CADYBIMN.
   786 | D:1      | 786 ||| DRINKING 2 murky puce potions.
   787 | D:1      | 787 ||| DRINKING 2 bubbling puce potions.
   787 | D:1      | Gained mutation: You have hidden genetic potential. [potion
                  | of mutation]
   787 | D:1      | Gained mutation: You have an increased reservoir of magic.
                  | (+10% MP) [potion of mutation]
   869 | D:2      | Reached skill level 5 in Axes
   971 | D:2      | Reached XP level 3. HP: 31/31 MP: 2/2
  1008 | D:2      | 1008 ||| DROPPING +0 club.
  1086 | D:2      | Reached ** piety under Trog
  1088 | D:2      | Gained mutation: You have large cloven feet. [hidden
                  | potential]
  1090 | D:2      | 1090 ||| INVOKING Berserk.
  1536 | D:2      | 1536 ||| UPGRADING to +2 hat.
  1541 | D:2      | 1541 ||| UPGRADING to ring of resist corrosion.
  1571 | D:3      | 1571 ||| Stepping ~*~*~tactically~*~*~ (stealth).
  1572 | D:3      | 1572 ||| Stepping ~*~*~tactically~*~*~ (stealth).
  1580 | D:3      | 1580 ||| Stepping ~*~*~tactically~*~*~ (stealth).
  1582 | D:3      | 1582 ||| Stepping ~*~*~tactically~*~*~ (stealth).
  1598 | D:3      | 1598 ||| Stepping ~*~*~tactically~*~*~ (stealth).
  1599 | D:3      | 1599 ||| Stepping ~*~*~tactically~*~*~ (stealth).
  1722 | D:3      | Noticed Natasha
  1723 | D:3      | 1723 ||| Stepping ~*~*~tactically~*~*~ (hiding).
  1725 | D:3      | 1725 ||| INVOKING Berserk.
  1726 | D:3      | Killed Natasha
  1727 | D:3      | Reached skill level 6 in Axes
  1727 | D:3      | Reached XP level 4. HP: 39/39 MP: 3/3
  1739 | D:3      | Gained mutation: You are strong-willed. (Will+) [hidden
                  | potential]
  1739 | D:3      | Lost mutation: You have hidden genetic potential. [hidden
                  | potential expressed]
  2068 | D:3      | Noticed Natasha
  2069 | D:3      | 2069 ||| Stepping ~*~*~tactically~*~*~ (stealth).
  2074 | D:3      | 2074 ||| INVOKING Berserk.
  2078 | D:3      | Killed Natasha
  2252 | D:3      | Noticed Natasha
  2254 | D:3      | 2254 ||| Stepping ~*~*~tactically~*~*~ (hiding).
  2256 | D:3      | 2256 ||| Stepping ~*~*~tactically~*~*~ (hiding).
  2262 | D:3      | 2262 ||| INVOKING Berserk.
  2265 | D:3      | Killed Natasha
  2266 | D:3      | Reached skill level 7 in Axes
  2266 | D:3      | Reached XP level 5. HP: 45/45 MP: 4/4
  2407 | D:3      | 2407 ||| DROPPING +0 whip.
  2465 | D:3      | Found a glowing silver altar of Zin.
  2706 | D:3      | 2706 ||| UPGRADING to +6 ring of dexterity.
  2707 | D:3      | 2707 ||| READING scroll labelled RUFRID BEOCI.
  2708 | D:3      | 2708 ||| READING scroll labelled MILIUROH YRIRU.
  2709 | D:3      | 2709 ||| READING scroll labelled QIMEIRA TICLU.
  2710 | D:3      | 2710 ||| DRINKING 2 white potions.
  2711 | D:3      | 2711 ||| DRINKING 3 viscous coppery potions.
  2734 | D:4      | 2734 ||| PLANNING OSSUARY
  2736 | D:4      | 2736 ||| INVOKING Berserk.
  2754 | D:4      | 2754 ||| FLEEEEING.
  2755 | D:4      | 2755 ||| FLEEEEING.
  2757 | D:4      | 2757 ||| STAIRDANCE
  2860 | D:4      | Noticed a phantom
  2869 | D:4      | Killed a phantom
  2870 | D:4      | Reached skill level 8 in Axes
  2870 | D:4      | Reached XP level 6. HP: 46/52 MP: 5/5
  3010 | D:4      | Found a sand-covered staircase.
  3011 | D:4      | 3011 ||| READING scroll labelled GETURO TUOLEY.
  3012 | D:4      | 3012 ||| READING 3 scrolls of identify.
  3012 | D:4      | 3012 ||| IDENTIFYING dark potion
  3013 | D:4      | 3013 ||| READING 2 scrolls of identify.
  3013 | D:4      | 3013 ||| IDENTIFYING fuming clear potion
  3014 | D:4      | 3014 ||| DROPPING potion of magic.
  3032 | D:4      | 3032 ||| Stepping ~*~*~tactically~*~*~ (stealth).
  3050 | Ossuary  | Entered an ossuary
  3077 | Ossuary  | Reached *** piety under Trog
  3152 | Ossuary  | Reached skill level 9 in Axes
  3267 | Ossuary  | Reached skill level 3 in Armour
  3455 | Ossuary  | 3455 ||| READING 3 scrolls labelled USYTIT ENT.
  3599 | Ossuary  | 3599 ||| DRINKING 2 viscous green potions.
  3600 | Ossuary  | 3600 ||| DRINKING 2 black potions.
  3601 | Ossuary  | 3601 ||| READING 2 scrolls of identify.
  3601 | Ossuary  | 3601 ||| IDENTIFYING clear potion
  3602 | Ossuary  | 3602 ||| DROPPING potion of brilliance.
  3603 | Ossuary  | 3603 ||| DROPPING 2 scrolls of torment.
  3604 | Ossuary  | 3604 ||| DROPPING potion of flight.
  3628 | D:4      | 3628 ||| PLANNING D:1-11
  3675 | D:4      | 3675 ||| Stepping ~*~*~tactically~*~*~ (stealth).
  3678 | D:4      | 3678 ||| Stepping ~*~*~tactically~*~*~ (stealth).
  3942 | D:4      | 3942 ||| UPGRADING to +0 pair of boots.
  3947 | D:4      | 3947 ||| DROPPING scarf of harm.
  3948 | D:4      | 3948 ||| READING 2 scrolls of identify.
  3948 | D:4      | 3948 ||| IDENTIFYING murky green potion
  3949 | D:4      | 3949 ||| DROPPING potion of invisibility.
  3974 | D:5      | Entered Level 5 of the Dungeon
  3988 | D:5      | Reached XP level 7. HP: 60/60 MP: 6/6
  3999 | D:5      | Found Mutin's Weapon Shoppe.
  4009 | D:5      | 4009 ||| BUYING +0 war axe (45 gold).
  4009 | D:5      | Bought a +0 war axe for 45 gold pieces
  4009 | D:5      | 4009 ||| SWAPPING to +0 war axe.
  4010 | D:5      | 4010 ||| DROPPING +0 hand axe.
  4020 | D:5      | Found a runed translucent gate.
  4029 | D:5      | Found a runed translucent gate.
  4030 | D:5      | Found a runed translucent gate.
  4033 | D:5      | Noticed qw's ghost (novice GrBe)
  4058 | D:5      | 4058 ||| Stepping ~*~*~tactically~*~*~ (stealth).
  4060 | D:5      | 4060 ||| Stepping ~*~*~tactically~*~*~ (hiding).
  4063 | D:5      | 4063 ||| Stepping ~*~*~tactically~*~*~ (hiding).
  4069 | D:5      | 4069 ||| INVOKING Berserk.
  4160 | D:5      | 4160 ||| Stepping ~*~*~tactically~*~*~ (stealth).
  4164 | D:5      | 4164 ||| Stepping ~*~*~tactically~*~*~ (stealth).
  4169 | D:5      | 4169 ||| Stepping ~*~*~tactically~*~*~ (stealth).
  4187 | D:5      | 4187 ||| Stepping ~*~*~tactically~*~*~ (stealth).
  4273 | D:5      | 4273 ||| INVOKING Berserk.
  4430 | D:5      | 4430 ||| INVOKING Berserk.
  4589 | D:5      | Reached skill level 10 in Axes
  4657 | D:5      | 4657 ||| Stepping ~*~*~tactically~*~*~ (stealth).
  4660 | D:5      | 4660 ||| Stepping ~*~*~tactically~*~*~ (stealth).
  4663 | D:5      | 4663 ||| Stepping ~*~*~tactically~*~*~ (stealth).
  4664 | D:5      | 4664 ||| INVOKING Berserk.
  4674 | D:5      | 4674 ||| Stepping ~*~*~tactically~*~*~ (stealth).
  4690 | D:5      | 4690 ||| FLEEEEING.
  4691 | D:5      | 4691 ||| FLEEEEING.
  4692 | D:5      | 4692 ||| FLEEEEING.
  4693 | D:5      | 4693 ||| FLEEEEING.
  4694 | D:5      | 4694 ||| FLEEEEING.
  4695 | D:5      | 4695 ||| FLEEEEING.
  4744 | D:5      | 4744 ||| Stepping ~*~*~tactically~*~*~ (stealth).
  4750 | D:5      | 4750 ||| Stepping ~*~*~tactically~*~*~ (stealth).
  4792 | D:5      | 4792 ||| Stepping ~*~*~tactically~*~*~ (stealth).
  4823 | D:5      | 4823 ||| Stepping ~*~*~tactically~*~*~ (stealth).
  5037 | D:5      | Reached **** piety under Trog
  5045 | D:5      | Reached XP level 8. HP: 52/70 MP: 7/7
  5142 | D:5      | 5142 ||| Stepping ~*~*~tactically~*~*~ (stealth).
  5148 | D:5      | Reached skill level 6 in Fighting
  5191 | D:5      | 5191 ||| Stepping ~*~*~tactically~*~*~ (stealth).
  5205 | D:5      | 5205 ||| Stepping ~*~*~tactically~*~*~ (stealth).
  5206 | D:5      | 5206 ||| Stepping ~*~*~tactically~*~*~ (stealth).
  5505 | D:5      | Reached skill level 11 in Axes
  5651 | D:5      | Reached skill level 3 in Dodging
  5895 | D:5      | 5895 ||| READING 3 scrolls labelled JAEFRIO ZAODU.
  5899 | D:5      | 5899 ||| READING 2 scrolls of identify.
  5899 | D:5      | 5899 ||| IDENTIFYING yellow potion
  5900 | D:5      | 5900 ||| DROPPING potion of lignification.
  5990 | D:6      | Found a blossoming altar of Fedhas.
  5995 | D:6      | 5995 ||| INVOKING Berserk.
  6122 | D:6      | Found a staircase to the Ecumenical Temple.
  6166 | D:6      | Found an iron altar of Okawaru.
  6345 | D:6      | Found an ancient bone altar of Kikubaaqudgha.
  6354 | D:6      | Reached skill level 1 in Throwing
  6413 | D:6      | 6413 ||| INVOKING Berserk.
  6417 | D:6      | Reached skill level 12 in Axes
  6718 | D:6      | Found a basalt altar of Yredelemnul.
  6825 | D:6      | 6825 ||| INVOKING Berserk.
  6960 | D:6      | 6960 ||| READING 2 scrolls of teleportation.
  7168 | D:6      | Found an opulent altar of Gozag.
  7300 | D:7      | 7300 ||| Stepping ~*~*~tactically~*~*~ (hiding).
  7301 | D:7      | 7301 ||| Stepping ~*~*~tactically~*~*~ (hiding).
  7308 | D:7      | Reached XP level 9. HP: 78/78 MP: 8/8
  7422 | D:7      | 7422 ||| INVOKING Berserk.
  7453 | D:7      | 7453 ||| FLEEEEING.
  7454 | D:7      | 7454 ||| FLEEEEING.
  7455 | D:7      | 7455 ||| FLEEEEING.
  7458 | D:7      | 7458 ||| STAIRDANCE
  7627 | D:7      | 7627 ||| Stepping ~*~*~tactically~*~*~ (hiding).
  7636 | D:7      | 7636 ||| Stepping ~*~*~tactically~*~*~ (stealth).
  7640 | D:7      | 7640 ||| Stepping ~*~*~tactically~*~*~ (stealth).
  7641 | D:7      | 7641 ||| Stepping ~*~*~tactically~*~*~ (stealth).
  7643 | D:7      | 7643 ||| Stepping ~*~*~tactically~*~*~ (hiding).
  7651 | D:7      | 7651 ||| Stepping ~*~*~tactically~*~*~ (hiding).
  7791 | D:7      | Found a radiant altar of Vehumet.
  8083 | D:7      | Found an ornate altar of the Wu Jian Council.
  8216 | D:7      | 8216 ||| UPGRADING to +0 pearl dragon scales.
  8226 | D:7      | 8226 ||| DROPPING +0 chain mail.
  8227 | D:7      | 8227 ||| READING scroll labelled BEXZEATRATWO.
  8228 | D:7      | 8228 ||| DRINKING 2 murky silvery potions.
  8329 | D:7      | 8329 ||| DROPPING potion of ambrosia.
  8368 | D:8      | Noticed a troll
  8373 | D:8      | 8373 ||| INVOKING Berserk.
  8375 | D:8      | Killed a troll
  8376 | D:8      | Reached skill level 13 in Axes
  8380 | D:8      | 8380 ||| Stepping ~*~*~tactically~*~*~ (hiding).
  8809 | D:8      | 8809 ||| Stepping ~*~*~tactically~*~*~ (stealth).
  8814 | D:8      | 8814 ||| Stepping ~*~*~tactically~*~*~ (hiding).
  8820 | D:8      | 8820 ||| Stepping ~*~*~tactically~*~*~ (hiding).
  8821 | D:8      | 8821 ||| INVOKING Berserk.
  8823 | D:8      | Reached skill level 6 in Armour
  8968 | D:8      | Found a transporter.
  8991 | D:8      | Found a transporter.
  9033 | D:8      | Found a transporter.
  9259 | D:8      | Noticed Maggie
  9260 | D:8      | 9260 ||| Stepping ~*~*~tactically~*~*~ (stealth).
  9271 | D:8      | Killed Maggie
  9427 | D:8      | 9427 ||| SWAPPING to +1 broad axe of venom.
  9428 | D:8      | 9428 ||| DROPPING +1 war axe.
  9434 | D:8      | Found a transporter.
  9448 | D:8      | 9448 ||| UPGRADING to scarf of repulsion.
  9458 | D:8      | 9458 ||| DROPPING ring of flight.
  9459 | D:8      | 9459 ||| READING scroll labelled QENGOM PI SAGH.
  9460 | D:8      | 9460 ||| READING 3 scrolls of identify.
  9460 | D:8      | 9460 ||| IDENTIFYING puce potion
  9461 | D:8      | 9461 ||| DROPPING potion of attraction.
  9685 | D:9      | 9685 ||| Stepping ~*~*~tactically~*~*~ (stealth).
  9692 | D:9      | Reached XP level 10. HP: 88/88 MP: 10/10
  9714 | D:9      | 9714 ||| Stepping ~*~*~tactically~*~*~ (stealth).
  9715 | D:9      | 9715 ||| Stepping ~*~*~tactically~*~*~ (stealth).
  9717 | D:9      | 9717 ||| Stepping ~*~*~tactically~*~*~ (stealth).
  9725 | D:9      | Reached ***** piety under Trog
  9796 | D:9      | 9796 ||| Stepping ~*~*~tactically~*~*~ (stealth).
  9799 | D:9      | 9799 ||| Stepping ~*~*~tactically~*~*~ (stealth).
  9809 | D:9      | 9809 ||| Stepping ~*~*~tactically~*~*~ (stealth).
  9815 | D:9      | Noticed Maurice
  9816 | D:9      | 9816 ||| Stepping ~*~*~tactically~*~*~ (hiding).
  9819 | D:9      | Found a staircase to the Orcish Mines.
  9827 | D:9      | Killed Maurice
  9835 | D:9      | Reached skill level 14 in Axes
 10053 | D:9      | 10053 ||| Stepping ~*~*~tactically~*~*~ (hiding).
 10084 | D:9      | 10084 ||| Stepping ~*~*~tactically~*~*~ (hiding).
 10132 | D:9      | 10132 ||| DROPPING +0 flail.
 10408 | D:10     | Entered Level 10 of the Dungeon
 10409 | D:10     | 10409 ||| STAIRDANCE
 10416 | D:10     | 10416 ||| STAIRDANCE
 10455 | D:10     | Reached skill level 15 in Axes
 10522 | D:10     | 10522 ||| INVOKING Berserk.
 10540 | D:10     | Reached skill level 9 in Fighting
 10549 | D:10     | 10549 ||| INVOKING Brothers in Arms.
 10553 | D:10     | Received a gift from Trog
 10554 | D:10     | HP: 21/91 [poisoned by a red devil]
 10555 | D:10     | 10555 ||| READING 2 scrolls of teleportation.
 10555 | D:10     | HP: 7/91 [poisoned by a red devil]
 10556 | D:10     | 10556 ||| DRINKING 8 potions of heal wounds.
 10557 | D:10     | Noticed a soul eater
 10557 | D:10     | 10557 ||| DRINKING 7 potions of heal wounds.
 10559 | D:10     | 10559 ||| INVOKING Brothers in Arms.
 10560 | D:10     | HP: 22/91 [poisoned by a killer bee]
 10561 | D:10     | 10561 ||| READING scroll of teleportation.
 10562 | D:10     | 10562 ||| DRINKING 6 potions of heal wounds.
 10564 | D:10     | Found a sacrificial altar of Ru.
 10565 | D:10     | 10565 ||| INVOKING Brothers in Arms.
 10565 | D:10     | HP: 21/91 [troll (2)]
 10566 | D:10     | 10566 ||| DRINKING 5 potions of heal wounds.
 10579 | D:10     | Noticed a two-headed ogre
 10583 | D:10     | Killed a two-headed ogre
 10588 | D:10     | HP: 22/91 [poisoned by a gnoll sergeant]
 10589 | D:10     | 10589 ||| DRINKING 4 potions of heal wounds.
 10591 | D:10     | 10591 ||| INVOKING Berserk.
 10883 | D:10     | Noticed an elephant
 10884 | D:10     | Found a staircase to the Lair.
 10889 | D:10     | Reached skill level 16 in Axes
 10890 | D:10     | Killed an elephant
 10891 | D:10     | Reached XP level 11. HP: 95/97 MP: 11/11
 11078 | D:10     | 11078 ||| PLANNING LAIR
 11078 | D:10     | 11078 ||| DROPPING +2 chain mail of willpower.
 11079 | D:10     | 11079 ||| READING 3 scrolls of identify.
 11079 | D:10     | 11079 ||| IDENTIFYING brown potion
 11127 | Lair:1   | Entered Level 1 of the Lair of Beasts
 11151 | Lair:1   | 11151 ||| INVOKING Berserk.
 11210 | Lair:1   | Noticed a five-headed hydra
 11211 | Lair:1   | 11211 ||| INVOKING Brothers in Arms.
 11213 | Lair:1   | 11213 ||| SWAPPING to +2 morningstar.
 11214 | Lair:1   | 11214 ||| INVOKING Berserk.
 11216 | Lair:1   | Killed a five-headed hydra
 11239 | Lair:1   | 11239 ||| SWAPPING to +1 broad axe of protection.
 11324 | Lair:1   | 11324 ||| Stepping ~*~*~tactically~*~*~ (stealth).
 11325 | Lair:1   | 11325 ||| Stepping ~*~*~tactically~*~*~ (stealth).
 11326 | Lair:1   | 11326 ||| Stepping ~*~*~tactically~*~*~ (stealth).
 11327 | Lair:1   | 11327 ||| Stepping ~*~*~tactically~*~*~ (stealth).
 11334 | Lair:1   | Reached skill level 17 in Axes
 11405 | Lair:1   | 11405 ||| READING scroll of enchant weapon.
 11405 | Lair:1   | 11405 ||| ENCHANTING +1 broad axe of protection.
 11450 | Lair:1   | 11450 ||| Stepping ~*~*~tactically~*~*~ (hiding).
 11451 | Lair:1   | 11451 ||| Stepping ~*~*~tactically~*~*~ (hiding).
 11457 | Lair:1   | 11457 ||| INVOKING Berserk.
 11538 | Lair:1   | 11538 ||| READING scroll of enchant weapon.
 11538 | Lair:1   | 11538 ||| ENCHANTING +2 broad axe of protection.
 11568 | Lair:1   | 11568 ||| INVOKING Berserk.
 11741 | Lair:1   | 11741 ||| Stepping ~*~*~tactically~*~*~ (hiding).
 12045 | Lair:1   | 12045 ||| Stepping ~*~*~tactically~*~*~ (stealth).
 12050 | Lair:1   | 12050 ||| Stepping ~*~*~tactically~*~*~ (stealth).
 12052 | Lair:1   | 12052 ||| Stepping ~*~*~tactically~*~*~ (stealth).
 12053 | Lair:1   | 12053 ||| Stepping ~*~*~tactically~*~*~ (stealth).
 12076 | Lair:1   | Reached skill level 18 in Axes
 12214 | Lair:1   | 12214 ||| UPGRADING to +2 plate armour of willpower.
 12224 | Lair:1   | 12224 ||| READING scroll labelled XOAGROFYJA.
 12225 | Lair:1   | 12225 ||| READING scroll of teleportation.
 12241 | Lair:2   | Found a staircase to the Shoals.
 12242 | Lair:2   | 12242 ||| STAIRDANCE
 12244 | Lair:1   | 12244 ||| INVOKING Berserk.
 12373 | Lair:2   | 12373 ||| Stepping ~*~*~tactically~*~*~ (stealth).
 12378 | Lair:2   | Noticed a death yak
 12381 | Lair:2   | 12381 ||| INVOKING Berserk.
 12392 | Lair:2   | Killed a death yak
 12499 | Lair:2   | 12499 ||| Stepping ~*~*~tactically~*~*~ (stealth).
 12506 | Lair:2   | 12506 ||| Stepping ~*~*~tactically~*~*~ (stealth).
 12507 | Lair:2   | 12507 ||| Stepping ~*~*~tactically~*~*~ (stealth).
 12508 | Lair:2   | 12508 ||| Stepping ~*~*~tactically~*~*~ (stealth).
 12509 | Lair:2   | 12509 ||| INVOKING Berserk.
 12521 | Lair:2   | Noticed a catoblepas
 12524 | Lair:2   | 12524 ||| Stepping ~*~*~tactically~*~*~ (cloud).
 12524 | Lair:2   | Noticed a death yak
 12526 | Lair:2   | Reached skill level 9 in Armour
 12527 | Lair:2   | 12527 ||| Stepping ~*~*~tactically~*~*~ (cloud).
 12532 | Lair:2   | HP: 20/100 [catoblepas (15)]
 12533 | Lair:2   | 12533 ||| DRINKING 3 potions of heal wounds.
 12534 | Lair:2   | 12534 ||| DRINKING 2 potions of heal wounds.
 12535 | Lair:2   | 12535 ||| DRINKING potion of heal wounds.
 12536 | Lair:2   | 12536 ||| Stepping ~*~*~tactically~*~*~ (cloud).
 12538 | Lair:2   | HP: 25/101 [catoblepas (3)]
 12539 | Lair:2   | Killed a death yak
 12540 | Lair:2   | 12540 ||| Stepping ~*~*~tactically~*~*~ (cloud).
 12542 | Lair:2   | 12542 ||| Stepping ~*~*~tactically~*~*~ (cloud).
 12542 | Lair:2   | HP: 12/101 [catoblepas/blast of calcifying dust (9)]
 12543 | Lair:2   | 12543 ||| Stepping ~*~*~tactically~*~*~ (cloud).
 12543 | Lair:2   | Slain by a catoblepas

Levels and vault maps discovered:
D:1:      minmay_arrival_shoal_huts, layout_loops_ring
D:2:      layout_basic
D:3:      layout_basic, zin_academy, kennysheep_generic_room_11, uniq_natasha
D:4:      layout_cave_pools, nicolae_ossuary_entry_ruins
D:5:      minmay_goblin_kobold_castle, layout_loops_ring, gammafunk_ghost_split,
          serial_shops, nicolae_shop_bloodbath_and_beyond
D:6:      layout_loops_cross, okawaru_altar_gauntlet_db,
          nicolae_kikubaaqudgha_miasma_corner, lemuel_zombie_altar_yredelemnul,
          overflow_temple_1_default, grunt_gozag_breadcrumbs,
          minmay_temple_entry_sparse_star, minivault_26, lemuel_flamethrower_2
D:7:      layout_basic, mainiacjoe_overflow_surrounded_room, old_standard_altar
D:8:      layout_loops_ring, nicolae_transporter_intersection, uniq_maggie
D:9:      layout_rooms, david_orc_2, uniq_maurice
D:10:     layout_cross, nicolae_ru_sacrificial_ziggurat, david_lair_generic
Lair:1:   layout_misc_corridors, lemuel_fruit_tree, grunt_megastairs_2
Lair:2:   layout_cave_pods, shoals_dummy_entry, chequers_serial_rivers_micro_a

Skill      XL: |  1  2  3  4  5  6  7  8  9 10 11 |
---------------+----------------------------------+-----
Axes           | 4 5 6 7 8 9 10 12 13 16 18 | 18.0
Fighting       | 4 5 6 8 9 10 | 10.7
Armour         | 3 4 6 7 9 |  9.0
Dodging        | 3 5 |  5.4
Throwing       | 1 2 |  2.0

Action                   |  1- 3 |  4- 6 |  7- 9 | 10-12 || total
-------------------------+-------+-------+-------+-------++-------
Melee: Hand axe          |    72 |   114 |       |       ||   186
       Headbutt          |     8 |    21 |    56 |    48 ||   133
       Punch             |     1 |     1 |     6 |     2 ||    10
       Kick              |     4 |    32 |       |       ||    36
       War axe           |       |       |   298 |       ||   298
       Broad axe         |       |       |    14 |   231 ||   245
       Morningstar       |       |       |       |     1 ||     1
Throw: Javelin           |       |       |     8 |       ||     8
       Boomerang         |       |       |     2 |       ||     2
Invok: Berserk           |     2 |     3 |    10 |     9 ||    24
       Brothers in Arms  |       |       |       |     4 ||     4
  Use: Scroll            |     4 |     9 |     6 |     7 ||    26
       Potion            |     2 |     4 |     1 |     8 ||    15
 Stab: Petrified         |       |       |       |     1 ||     1
Armor: Animal skin       |     5 |       |       |       ||     5
       Chain mail        |    13 |    49 |   114 |       ||   176
       Pearl dragon scal |       |       |    17 |    91 ||   108
       Plate armour      |       |       |       |    34 ||    34
Dodge: Dodged            |    34 |    20 |   119 |   175 ||   348

Table legend:
 A = Non-vault XP
 B = Vault XP
 C = Vault XP percentage of total XP
 D = Non-vault monster count
 E = Vault monster count
 F = Vault count percentage of total count
                 A         B        C        D         E       F
            +---------+---------+-------+---------+---------+-------
      Total |   17391 |    3498 |  16.7 |     233 |      98 |  29.6
            +---------+---------+-------+---------+---------+-------
        D:1 |      34 |       0 |   0.0 |      23 |       0 |   0.0
        D:2 |      44 |       0 |   0.0 |      15 |       0 |   0.0
        D:3 |     129 |      37 |  22.3 |      21 |       2 |   8.7
        D:4 |     306 |       0 |   0.0 |      21 |       0 |   0.0
        D:5 |     912 |     486 |  34.8 |      31 |      56 |  64.4
        D:6 |     580 |      58 |   9.1 |       7 |       8 |  53.3
        D:7 |     625 |       0 |   0.0 |      16 |       0 |   0.0
        D:8 |    1017 |     418 |  29.1 |      12 |       1 |   7.7
        D:9 |    2171 |     473 |  17.9 |      27 |       9 |  25.0
       D:10 |    3279 |    1045 |  24.2 |      29 |       4 |  12.1
     Lair:1 |    5329 |     825 |  13.4 |      21 |       2 |   8.7
     Lair:2 |    2965 |       0 |   0.0 |      10 |       0 |   0.0
    Ossuary |       0 |     156 | 100.0 |       0 |      16 | 100.0
            +---------+---------+-------+---------+---------+-------
